 Seeded DCSS version 0.32-a0-599-gba8f9cf90e (webtiles) character file.

Game seed: 15684414516051530104 (custom seed)

754064 hikkokomori the Pyromancer (level 27, -6/246 HPs)
             Began as a Mountain Dwarf Cinder Acolyte on Mar 1, 2024.
             Was an Initiate of Gozag.
             Killed from afar by a Brimstone Fiend (48 damage)
             ... with damnation
             ... on level 9 of a ziggurat on Mar 3, 2024.
             The game lasted 04:37:26 (76225 turns).

hikkokomori the Pyromancer (MDCA)                  Turns: 76225, Time: 04:37:26

Health: -6/246     AC: 48    Str: 24    XL:     27
Magic:  5/41       EV:  8    Int: 36    God:    Gozag
Gold:   3284       SH: 18    Dex: 11    Spells: 8/61 levels left

rFire   + . .        R - +8 trishula "Condemnation" {holy, anguish, *Noise Fly rN+}
rCold   . . .        m - +5 Storm Queen's Shield {shock, Fly rElec}
rNeg    + + +        E - +8 orange crystal plate armour {Archmagi, Int+3 Clar}
rPois   .            k - +3 hat of Pondering {ponderous, Will+ MP+10 Int+5}
rElec   +            V - scarf {repulsion}
rCorr   .            a - +2 pair of gloves {Str+3}
SInv    .            F - +2 pair of boots of Secsaz Vonau {Will++ Int+3}
Will    +++++        i - amulet of Qazlal's Felicitations {Fly Will- Regen+ RegenMP+ Slay+3} Stlth
                     v - ring of Yninaopt {rC+ Will+ Str+6 Dex+2 Stlth+}
HPRegen 1.41/turn    K - ring of Vodka {Fire rElec rN++ Str-4 Dex+2}
MPRegen 0.67/turn

%: repel missiles, clarity, archmagi
@: on fire, weakened, flying, glowing, studying Short Blades, slow
A: runic magic, artefact enchanting, iridescent scales 2, thin skeletal
structure 1, clarity, low MP 3, weak 1, persistent drain
}: 5/15 runes: decaying, serpentine, slimy, silver, abyssal
a: Renounce Religion, Potion Petition, Call Merchant, Bribe Branch


You were on level 9 of a ziggurat.
You worshipped Gozag.
Gozag was most pleased with you.
You visited 13 branches of the dungeon, and saw 57 of its levels.
You visited the Abyss 2 times.
You visited 1 bazaar.
You visited 1 ziggurat, and saw 9 of its levels.
You also visited: Sewer and Gauntlet.

You collected 33067 gold pieces.
You spent 9239 gold pieces at shops.
You paid 20544 gold pieces to Gozag.

Inventory:

Hand Weapons
 R - the +8 trishula "Condemnation" (weapon) {holy, anguish, *Noise Fly rN+}
   (You found it in a Gauntlet)

   rN+:       It protects you from negative energy.
   Fly:       It grants you flight.
   *Noise:    It may make a loud noise when swung.
Missiles
 z - a throwing net
Armour
 a - a +2 pair of gloves of strength (worn)
 k - the +3 hat of Pondering (worn) {ponderous, Will+ MP+10 Int+5}
   (You took it off Gastronok on level 9 of the Dungeon)

   Int+5:     It affects your intelligence (+5).
   Will+:     It increases your willpower.
   MP+10:     It affects your magic capacity (+10).
 l - the -1 pair of boots of the Vestibule of Hell {Int+2 Dex+6}
   (You found it on level 7 of a ziggurat)

   Int+2:     It affects your intelligence (+2).
   Dex+6:     It affects your dexterity (+6).
 m - the +5 Storm Queen's Shield (worn) {shock, Fly rElec}
   (You bought it in a shop on level 3 of the Swamp)

   Shock:     When it blocks an attack, it may electrocute the attacker.
   This works even against foes who are a short distance away.
   rElec:     It insulates you from electricity.
   Fly:       It grants you flight.
 s - a scarf of invisibility
 E - the +8 orange crystal plate armour (worn) {Archmagi, Int+3 Clar}
   (You found it in a Gauntlet)

   Int+3:     It affects your intelligence (+3).
   Clar:      It protects you from confusion, rage, mesmerisation and fear.
 F - the +2 pair of boots of Secsaz Vonau (worn) {Will++ Int+3}
   (You found it on level 3 of the Vaults)

   Int+3:     It affects your intelligence (+3).
   Will++:    It greatly increases your willpower.
 V - a scarf of repulsion (worn)
 Z - a +1 helmet of intelligence
Jewellery
 i - the amulet of Qazlal's Felicitations (around neck) {Fly Will- Regen+ RegenMP+ Slay+3}
   (You found it on level 3 of the Crypt)

   [amulet of magic regeneration]

   It increases your rate of magic regeneration.
   Slay+3:    It affects your accuracy & damage with ranged weapons and melee
   (+3).
   Will-:     It decreases your willpower.
   Fly:       It grants you flight.
   Regen+:    It increases your rate of health regeneration.
   RegenMP+:  It increases your rate of magic regeneration.
 o - the ring "Buzoama" {*Slow rF+ rN+ Dex+7}
   (You took it off a deep elf blademaster on level 3 of the Depths)

   [ring of protection from fire]

   Dex+7:     It affects your dexterity (+7).
   rF+:       It protects you from fire.
   rN+:       It protects you from negative energy.
   *Slow:     It may slow you when you take damage.
 v - the ring of Yninaopt (left hand) {rC+ Will+ Str+6 Dex+2 Stlth+}
   (You found it on level 1 of the Vaults)

   [ring of strength]

   Str+6:     It affects your strength (+6).
   Dex+2:     It affects your dexterity (+2).
   rC+:       It protects you from cold.
   Will+:     It increases your willpower.
   Stlth+:    It makes you more stealthy.
 K - the ring of Vodka (right hand) {Fire rElec rN++ Str-4 Dex+2}
   (You took it off an orc warrior on level 5 of the Vaults)

   [ring of fire]

   Fire:      It enhances your fire magic.
   Str-4:     It affects your strength (-4).
   Dex+2:     It affects your dexterity (+2).
   rF+:       It protects you from fire.
   rC-:       It makes you vulnerable to cold.
   rElec:     It insulates you from electricity.
   rN++:      It greatly protects you from negative energy.
 O - the ring of Scepticism {Fly rElec MP+9 SInv}
   (You found it on level 3 of the Crypt)

   [ring of magical power]

   rElec:     It insulates you from electricity.
   MP+9:      It affects your magic capacity (+9).
   SInv:      It lets you see invisible.
   Fly:       It grants you flight.
Wands
 c - a wand of quicksilver (24)
 y - a wand of warping (56)
 M - a wand of mindburst (14)
 N - a wand of paralysis (96)
 W - a wand of digging (5)
Scrolls
 d - 7 scrolls of fear
 f - 4 scrolls of revelation
 j - 18 scrolls of teleportation
 n - 10 scrolls of vulnerability
 q - 4 scrolls of blinking
 r - 11 scrolls of enchant weapon
 x - 13 scrolls of poison
 G - 6 scrolls of butterflies
 H - 10 scrolls of amnesia
 P - 2 scrolls of enchant armour
 Q - 9 scrolls of fog
 T - 4 scrolls of silence
Potions
 b - 8 potions of cancellation
 g - 2 potions of invisibility
 h - 5 potions of haste
 t - 15 potions of curing
 u - 8 potions of enlightenment
 A - 11 potions of lignification
 B - 12 potions of mutation
 C - 6 potions of might
 D - 5 potions of ambrosia
 I - 5 potions of resistance
 L - 7 potions of heal wounds
 S - 5 potions of attraction
 X - 3 potions of magic
 Y - 6 potions of brilliance
Miscellaneous
 e - a condenser vane (inert)
 p - a phial of floods
 w - a lightning rod (4/4)
 J - a phantom mirror
 U - a sack of spiders


   Skills:
 - Level 20.0 Fighting
 - Level 11.7 Maces & Flails
 - Level 14.0 Polearms
 - Level 3.0 Throwing
 - Level 19.0 Armour
 - Level 10.0 Dodging
 - Level 15.3 Shields
 + Level 17.6 Spellcasting
 + Level 18.7 Conjurations
 - Level 14.0 Necromancy
 - Level 6.0 Translocations
 + Level 25.3 Fire Magic
 - Level 7.0 Air Magic
 - Level 8.0 Earth Magic
 - Level 14.0 Evocations


You had 8 spell levels left.
You knew the following spells:

 Your Spells              Type           Power      Damage    Failure   Level
a - Scorch                Fire           100%       2d9       0%          2
b - Blink                 Tloc           100%       N/A       1%          2
c - Borgnjor's Vile Clut  Necr/Erth      52%        N/A       1%          5
d - Death Channel         Necr           57%        N/A       1%          6
e - Fugue of the Fallen   Necr           100%       N/A       1%          3
f - Fireball              Conj/Fire      81%        3d30      0%          5
g - Inner Flame           Hex/Fire       100%       N/A       1%          3
h - Vhi's Electric Charg  Tloc/Air       100%       N/A       2%          4
i - Ignition              Fire           85%        3d22      1%          8
j - Plasma Beam           Fire/Air       73%        2x1d90    1%          6
k - Fire Storm            Conj/Fire      81%        8d20      36%         9

Your spell library contained the following spells:

 Spells                   Type           Power      Damage    Failure   Level
 Foxfire                  Conj/Fire      100%       2x1d9     0%          1
 Kiss of Death            Conj/Necr      100%       2d13      0%          1
 Magic Dart               Conj           100%       1d8       0%          1
 Shock                    Conj/Air       100%       1d9       0%          1
 Sublimation of Blood     Necr           100%       N/A       0%          2
 Volatile Blastmotes      Fire/Tloc      100%       2d18      0%          3
 Sandblast                Erth           100%       2d20      1%          1
 Sting                    Conj/Alch      100%       1d9       1%          1
 Cigotuvi's Dreadful Rot  Necr/Alch/Air  100%       N/A       1%          2
 Mercury Vapours          Alch/Air       100%       N/A       1%          2
 Dazzling Flash           Conj/Hex       100%       N/A       1%          3
 Gell's Gravitas          Tloc           85%        N/A       1%          3
 Hailstorm                Conj/Ice       99%        3d16      1%          3
 Mephitic Cloud           Conj/Alch/Air  96%        N/A       1%          3
 Passwall                 Erth           94%        N/A       1%          3
 Stone Arrow              Conj/Erth      100%       3d13      1%          3
 Swiftness                Air            89%        N/A       1%          3
 Vampiric Draining        Necr           100%       2d13      1%          3
 Airstrike                Air            44%        2d(7-23)  1%          4
 Anguish                  Hex/Necr       44%        N/A       1%          4
 Brom's Barrelling Bould  Conj/Erth      100%       2d11      1%          4
 Dispel Undead            Necr           100%       3d31      1%          4
 Fulminant Prism          Conj/Alch      49%        3d20      1%          4
 Ignite Poison            Fire/Alch      100%       N/A       1%          4
 Iskenderun's Mystic Bla  Conj/Tloc      100%       2d19      1%          4
 Martyr's Knell           Necr/Summ      89%        N/A       1%          4
 Summon Blazeheart Golem  Fire/Summ      100%       N/A       1%          4
 Arcjolt                  Conj/Air       56%        1d66      1%          5
 Irradiate                Conj/Alch      49%        3d28      1%          5
 Iskenderun's Battlesphe  Conj           100%       2d15      1%          5
 Starburst                Conj/Fire      81%        6d21      1%          6
 Orb of Destruction       Conj           64%        9d15      1%          7
 Manifold Assault         Tloc           85%        N/A       2%          4
 Passage of Golubria      Tloc           85%        N/A       2%          4
 Freezing Cloud           Conj/Ice/Air   48%        6-21      2%          5
 Conjure Ball Lightning   Conj/Air       56%        3x3d20    2%          6
 Freeze                   Ice            100%       1d10      3%          1
 Summon Small Mammal      Summ           100%       N/A       3%          1
 Lee's Rapid Deconstruct  Erth           47%        3d22*     3%          5
 Call Imp                 Summ           94%        N/A       4%          2
 Ensorcelled Hibernation  Hex/Ice        94%        N/A       4%          2
 Animate Armour           Summ/Erth      100%       N/A       6%          4
 Leda's Liquefaction      Alch/Erth      37%        N/A       6%          4
 Petrify                  Alch/Erth      74%        N/A       6%          4
 Call Canine Familiar     Summ           47%        N/A       10%         3
 Confusing Touch          Hex            47%        N/A       10%         3
 Frozen Ramparts          Ice            94%        1d15      10%         3
 Ozocubu's Armour         Ice            47%        N/A       10%         3
 Sigil of Binding         Hex            47%        N/A       10%         3
 Summon Ice Beast         Ice/Summ       47%        N/A       10%         3
 Tukima's Dance           Hex            47%        N/A       10%         3
 Dimensional Bullseye     Hex/Tloc       34%        N/A       10%         4
 Summon Forest            Summ/Tloc      34%        N/A       26%         5
 Cause Fear               Hex            23%        N/A       32%         4
 Olgreb's Toxic Radiance  Alch           47%        N/A       32%         4
 Infestation              Necr           57%        N/A       56%         8
 Alistair's Intoxication  Alch           31%        N/A       65%         5
 Metabolic Englaciation   Hex/Ice        23%        N/A       65%         5
 Summon Mana Viper        Hex/Summ       47%        N/A       65%         5
 Yara's Violent Unravell  Hex/Alch       23%        3d10      65%         5
 Lehudib's Crystal Spear  Conj/Erth      56%        10d13     65%         8
 Haunt                    Necr/Summ      44%        N/A       83%         7
 Sculpt Simulacrum        Ice/Alch       23%        N/A       99%         6
 Summon Cactus Giant      Summ           23%        N/A       99%         6
 Enfeeble                 Hex            23%        N/A       100%        7
 Malign Gateway           Summ/Tloc      34%        N/A       100%        7
 Summon Hydra             Summ           23%        N/A       100%        7
 Discord                  Hex            23%        N/A       100%        8
 Disjunction              Tloc           42%        N/A       100%        8
 Maxwell's Capacitive Co  Air            44%        ∞         100%        8
 Summon Horrible Things   Summ           23%        N/A       100%        8
 Chain Lightning          Conj/Air       56%        3d74      100%        9
 Shatter                  Erth           47%        3d36*     100%        9
 Animate Dead             Necr           Unusable   N/A       N/A         4

Dungeon Overview and Level Annotations

Branches:
Dungeon (15/15)            Temple (1/1) D:5            Lair (5/5) D:10
  Swamp (4/4) Lair:3        Snake (4/4) Lair:2        Slime (5/5) Lair:5
    Orc (2/2) D:12            Elf (3/3) Orc:2        Vaults (5/5) D:13
  Crypt (3/3) Vaults:3       Tomb (1/3) Crypt:3      Depths (4/4) D:15
    Zot (5/5) Depths:4      Sewer (visited)         Gauntlet (visited)

Altars:
Ashenzari
Cheibriados
Dithmenos
Elyvilon
Fedhas
Gozag
Hepliaklqana
Kikubaaqudgha
Makhleb
Nemelex Xobeh
Okawaru
Qazlal
Ru
Sif Muna
Trog
Uskayaw
Vehumet
Wu Jian
Xom
Yredelemnul
Zin
The Shining One
Beogh
Jiyva
Lugonu

Shops:
D:12 (   D:15 (   Orc:2 [:?[(==(   Lair:5 [   Swamp:3 [   Snake:1 *[*(
Snake:4 :[   Vaults:1 *   Vaults:3 [(   Crypt:2 [*   Zot:4 !   Zot:5 *
Depths:1 *[=*[(*([

Portals:
Hell: Depths:1 Depths:2 Depths:3 Depths:4
Abyss: Depths:1 Depths:2 Depths:3
Pandemonium: Depths:2 Depths:3 Depths:4

Annotations:
D:11 3 runed translucent doors, MadMike78's ghost, journeyman CoFi
Elf:1 1 runed translucent door


Innate Abilities, Weirdness & Mutations

Your spellcasting is much less encumbered by armour.
You can use scrolls of enchantment on lesser artefacts.
You are mostly covered in iridescent scales. (AC +4)
You have a somewhat thin skeletal structure. (Dex +2, Stealth+)
You possess an exceptional clarity of mind.
Your magical capacity is extremely low. (-30% MP)
You are weak. (Str -2)
Your health recovers twice as slowly from being drained.


Message History

The bolt of dispelling energy hits the balrug!!
You kill the balrug!
The bolt of dispelling energy hits the salamander tyrant!!!
You kill the salamander tyrant!
The bolt of dispelling energy hits the Brimstone Fiend!
The Brimstone Fiend is moderately wounded.
The liquid fire burns you!
The zombie hands constrict the Brimstone Fiend.
The hellephant is engulfed in freezing vapours.
Aiming: Warp Space
Press: ? - help, Shift-Dir - straight line, f - Brimstone Fiend
Aim: a Brimstone Fiend (moderately wounded) Space twists violently!
The rupture engulfs the Brimstone Fiend.
The Brimstone Fiend blinks!
The Brimstone Fiend is moderately wounded.
The rupture engulfs the Brimstone Fiend!
The Brimstone Fiend blinks free of the zombie hands.
The Brimstone Fiend blinks free!
The Brimstone Fiend is moderately wounded.
The Brimstone Fiend is no longer distracted by gold.
The liquid fire burns you!
* * * LOW HITPOINT WARNING * * *
The Brimstone Fiend calls on the powers of darkness!
Your body is wracked with pain!
* * * LOW HITPOINT WARNING * * *
The hellephant blinks!
Casting: Borgnjor's Vile Clutch (mildly dangerous; 1% risk of failure)
Confirm with . or Enter, or press ? or * to list all spells.
You don't have enough magic to cast this spell.
Unknown command.
Unknown command.
Unknown command.
You shake off some of the fire as you move.
The liquid fire burns you!
* * * LOW HITPOINT WARNING * * *
The Brimstone Fiend gestures at you.
The sphere of damnation explodes!
The damnation engulfs you!!!
You die...
Your body crumbles into a pile of gold.

▓▓▓.........▓▓▓
▓▓≈≈≈.......≈§§▓▓
▓▓.≈ߧ.......§ß≈.▓▓
▓..≈≈≈.......§≈§..▓▓
..........Y........▓
.........1§§§..../.▓
.........§§$§.§.!∩:▓▓
.∩.....≈$≈§§§§$$@>).▓
......Y.≈§§$.§§1?∩:▓▓
.............§§$...▓
..............§....▓
▓..≈≈≈.......≈§§..▓▓
▓▓§§ß≈.......≈ß≈.▓▓
▓▓§≈≈.......§≈§▓▓
▓▓▓.........▓▓▓


You could see a hellephant and 2 Brimstone Fiends.

Vanquished Creatures
  the Royal Jelly (Slime:5)
  4 dread liches
  5 ancient liches
  An orb of fire (Zot:5)
  Mara (Vaults:3)
  2 juggernauts
  7 royal mummies
  2 Killer Klowns
  Margery (Vaults:5)
  Saint Roka (Orc:2)
  Vashnia (Snake:2)
  4 golden dragons
  Jory (Crypt:3)
  Norris (Vaults:4)
  A bone dragon (Depths:4)
  3 electric golems
  2 hellephants
  12 tentacled monstrosities
  Mlioglotl (Swamp:2)
  A walking crystal tome (Depths:2)
  7 deep elf blademasters
  6 quicksilver dragons
  5 liches
  3 titans
  12 Orb Guardians (Zot:5)
  6 sphinxes
  2 deep elf master archers
  A searing wretch (Zig:9)
  15 acid blobs
  5 ancient champions
  4 death cobs
  3 tentacled starspawn
  Gastronok (D:9)
  Frances (Snake:2)
  4 tengu reavers
  10 shadow dragons
  2 revenants (Crypt:2)
  Donald (Snake:2)
  5 azure jellies
  10 storm dragons
  A thorn hunter (Swamp:2)
  3 fire giants
  2 nagarajas (Snake:4)
  2 frost giants
  6 draconian monks
  3 draconian scorchers
  2 protean progenitors
  15 vault wardens
  8 rockslimes
  2 iron dragons (Vaults:5)
  3 ghost moths (Zig:6)
  8 deep elf sorcerers
  6 draconian knights
  Louise (Elf:3)
  8 draconian shifters
  3 deep elf elementalists (Elf:3)
  2 caustic shrike zombies
  2 angels
  2 orc warlords
  3 balrugs
  2 spriggan defenders (Depths:3)
  8 ghouls
  15 ironbound preservers
  14 quicksilver oozes
  8 draconian annihilators
  6 draconian stormcallers
  4 formless jellyfish
  13 stone giants
  6 very ugly things
  2 ophanim (Abyss:3)
  2 ironbound thunderhulks
  16 vampire knights
  7 deep elf death magi
  A deep elf demonologist (Elf:3)
  11 green draconians
  9 deep elf annihilators
  A war gargoyle (Vaults:4)
  9 purple draconians
  2 lorocyprocas (Zot:2)
  8 spark wasps
  A minotaur (Gauntlet)
  12 yellow draconians
  10 black draconians
  3 eleionomae (Swamp:2)
  7 bunyips
  12 red draconians
  8 dire elephants
  3 eidola
  16 white draconians
  A halazid warlock (Zot:2)
  13 mummy priests
  A blizzard demon (Depths:4)
  A crystal guardian (Vaults:4)
  11 ettins
  18 jiangshi
  10 fire dragons
  A green death (Depths:2)
  6 deep elf high priests
  Josephine (D:10)
  5 entropy weavers
  12 yaktaur captains
  A shambling mangrove (Swamp:2)
  5 great orbs of eyes
  16 hydras
  6 ice dragons
  24 vault guards
  2 peacekeepers (Vaults:4)
  3 rakshasas
  2 ghost crabs (Swamp:2)
  10 ironbound frosthearts
  Erica (Orc:1)
  A radroach (Zig:6)
  2 salamander tyrants (Zig:9)
  A catoblepas (Lair:4)
  A sphinx zombie (D:15)
  19 centaur warriors
  4 anacondas
  5 alligators
  4 spriggan air magi
  33 dancing weapons
  2 death knights
  8 boulder beetles
  10 death yaks
  2 orc high priests (Orc:2)
  A two-headed ogre (shapeshifter) (Zot:2)
  13 vampire magi
  3 deep troll shamans (Depths:4)
  3 tengu warriors
  Urug (Lair:4)
  7 deep troll earth magi
  4 two-headed ogres
  3 thrashing horrors
  30 death scarabs (Tomb:1)
  7 hell hogs (Depths:3)
  6 naga warriors
  20 naga sharpshooters
  A titan zombie (Crypt:3)
  10 soul eaters
  6 spriggan berserkers
  3 storm dragon zombies (Crypt:3)
  2 occultists (Depths:3)
  3 fire crabs
  5 hell knights
  9 deep elf knights
  A sun demon (Depths:4)
  2 shock serpents
  3 iron trolls
  2 salamander mystics
  36 skeletal warriors
  2 wretched stars
  A spark wasp zombie (Crypt:2)
  6 shadow wraiths
  A bunyip zombie (Crypt:3)
  2 goliath frogs
  A spatial maelstrom (Zig:8)
  38 deep trolls
  An anaconda zombie (Crypt:3)
  4 spriggan druids
  3 skysharks (Vaults:4)
  7 glowing orange brains
  A cherub (Abyss:3)
  A sun moth (Depths:1)
  6 mana vipers
  6 arcanists
  4 flayed ghosts
  6 golden dragon zombies
  An orb spider (shapeshifter) (Depths:4)
  An iron giant skeleton (Crypt:2)
  11 bog bodies
  5 naga ritualists
  3 orange crystal statues
  10 swamp dragons
  A steelbarb worm (Zot:3)
  4 harpies
  7 lindwurms
  28 deep elf pyromancers
  10 phantasmal warriors
  2 wolf spider zombies (D:15)
  10 ironbound convokers
  12 thermic dynamos
  8 deep elf archers
  14 deep elf zephyrmancers
  A sea snake (shapeshifter) (Zot:2)
  4 necromancers
  2 large abominations
  2 obsidian statues
  27 ugly things
  8 orc knights
  6 oklob plants
  6 orc sorcerers
  2 shining eyes (Slime:5)
  3 cyclopes
  3 salamanders
  A wolf spider (Zig:6)
  8 will-o-the-wisps
  Maurice (D:10)
  2 worldbinders
  3 manticores
  A tengu skeleton (Depths:2)
  Joseph (D:10)
  22 moths of wrath
  4 elephants (Lair:5)
  8 kobold blastminers
  An iron dragon skeleton (Depths:2)
  An apocalypse crab (Zot:2)
  4 smoke demons
  A dire elephant zombie (Crypt:3)
  33 black mambas
  2 guardian serpents (Snake:4)
  15 naga magi
  11 centaur zombies
  2 eyes of devastation (Slime:5)
  A centaur skeleton (D:15)
  4 ice statues
  6 molten gargoyles
  3 torpor snails
  A guardian serpent (shapeshifter) (D:15)
  20 vault sentinels
  2 water nymphs (shapeshifter) (Vaults:5)
  A gargoyle (D:12)
  A minotaur zombie (Gauntlet)
  3 unseen horrors
  A yellow draconian zombie (Crypt:1)
  11 cane toads
  3 hellions
  An efreet (Zig:4)
  5 rime drakes
  7 freezing wraiths
  21 yaktaurs
  12 komodo dragons
  8 guardian mummies
  2 ancient zymes
  3 harpy zombies
  A redback zombie (D:15)
  2 kobold demonologists
  A red devil (Gauntlet)
  2 trolls (shapeshifter)
  A grey draconian skeleton (Crypt:1)
  A minotaur skeleton (Crypt:1)
  5 trolls
  A bloated husk (Swamp:1)
  2 merfolk (Zot:3)
  A great orb of eyes zombie (Crypt:2)
  18 hornets
  5 tyrant leeches
  2 tarantellas (Vaults:4)
  6 polar bears
  A fire dragon zombie (Crypt:1)
  6 dream sheep (Lair:5)
  4 raiju
  A moth of wrath zombie (Crypt:3)
  A spriggan zombie (Zig:5)
  3 meliai zombies (D:15)
  9 blink frogs
  A jumping spider (Vaults:4)
  66 slime creatures
  6 air elementals
  10 water elementals
  11 spriggans
  19 shadows
  25 vampires
  14 wyverns
  11 wraiths
  4 ushabtiu
  23 fire elementals
  44 yaks
  Grum (D:10)
  5 golden eyes
  9 starcursed masses
  13 basilisks
  9 vampire mosquitoes
  3 neqoxecs
  A steam dragon (D:10)
  8 redbacks
  A redback (shapeshifter) (Vaults:5)
  5 wargs
  15 swamp worms
  A small abomination (Abyss:3)
  An acid dragon (D:10)
  42 nagas
  A swamp worm (shapeshifter) (Zot:2)
  A faun skeleton (Crypt:1)
  9 water moccasins
  A glowing shapeshifter skeleton (Crypt:3)
  6 black bears
  33 orc warriors
  A hornet zombie (D:15)
  5 swamp drakes
  2 ice beasts
  13 ogres
  A blink frog zombie (Crypt:2)
  22 wolves
  25 laughing skulls
  3 boggarts
  10 centaurs
  A blink frog skeleton (Crypt:2)
  A kobold brigand (D:7)
  2 earth elementals (Elf:1)
  17 bullfrogs
  2 gnoll sergeants
  A draconian skeleton (Crypt:2)
  2 komodo dragon skeletons
  A salamander skeleton (Crypt:3)
  4 wights (D:8)
  A cyclops skeleton (Crypt:2)
  A yak zombie (Crypt:3)
  10 killer bees
  A raiju skeleton (Crypt:3)
  3 bombardier beetles
  3 crimson imps (Gauntlet)
  7 howler monkeys
  3 lava snakes
  A black bear zombie (Crypt:3)
  3 hounds (D:5)
  A human zombie (Crypt:2)
  11 orc priests
  2 jellies
  15 orc wizards
  2 sleepcaps
  A black bear skeleton (Crypt:3)
  Ijyb (D:5)
  Natasha (thrice) (D:3)
  6 iguanas
  2 hell rats (Lair:3)
  An acid dragon zombie (Crypt:2)
  A boggart simulacrum (D:11)
  13 mummies
  8 gnolls
  8 adders
  7 river rats (Lair:3)
  9 dart slugs
  49 orcs
  12 endoplasms
  14 giant cockroaches
  3 goblins
  8 hobgoblins
  3 quokkas
  13 ball pythons
  6 bats
  11 frilled lizards
  11 kobolds
  A kobold zombie (Crypt:1)
  6 rats
  2 aspiring fleshes (Zot:3)
  2 butterflies (Zot:2)
  A starspawn tentacle (Zot:2)
2245 creatures vanquished.

Vanquished Creatures (collateral kills)
  2 ancient liches
  Xtahua (Vaults:5)
  2 golden dragons (Vaults:5)
  A Hell Sentinel (Zot:5)
  12 Orb Guardians (Zot:5)
  A deep elf blademaster (Elf:3)
  7 acid blobs
  3 titans
  4 sphinxes
  3 thorn hunters
  2 rockslimes (Slime:5)
  3 tengu reavers (Vaults:5)
  A draconian knight (Zot:2)
  4 storm dragons
  A nagaraja (Snake:3)
  4 fire giants
  2 draconian shifters
  2 vault wardens (Vaults:5)
  3 ironbound preservers
  A ghost moth (Zot:5)
  4 very ugly things
  7 stone giants
  2 quicksilver oozes
  A formless jellyfish (Slime:4)
  A lorocyproca (Zot:2)
  3 white draconians
  A deep elf demonologist (Elf:3)
  2 bunyips
  A green draconian (Zot:3)
  A dire elephant (Vaults:1)
  A halazid warlock (Zot:2)
  A purple draconian (Zot:5)
  A yellow draconian (Zot:5)
  2 spark wasps (Zot:2)
  2 red draconians
  A war gargoyle (Vaults:5)
  A crystal guardian (Vaults:4)
  A fire dragon (Swamp:4)
  5 ettins
  A yaktaur captain (Vaults:5)
  A salamander tyrant (Snake:4)
  2 vault guards (Vaults:5)
  An alligator (Swamp:3)
  A catoblepas (Lair:5)
  2 ghost crabs
  2 ironbound frosthearts (Vaults:2)
  A two-headed ogre (shapeshifter) (Depths:4)
  5 anacondas
  5 hydras
  A dancing weapon (Elf:2)
  4 centaur warriors
  2 death knights (Vaults:3)
  A boulder beetle (Vaults:4)
  3 deep troll shamans
  2 death yaks (Lair:5)
  A deep troll earth mage (Vaults:5)
  A naga sharpshooter (Snake:1)
  A shock serpent (Snake:1)
  A spriggan berserker (Depths:2)
  A hell knight (Depths:2)
  4 iron trolls
  A spriggan druid (Swamp:1)
  A sea snake (shapeshifter) (Depths:2)
  A flayed ghost (Depths:2)
  A mana viper (Snake:3)
  4 swamp dragons
  12 deep trolls
  4 naga ritualists
  A sun moth (shapeshifter) (Vaults:5)
  4 deep elf zephyrmancers
  3 bog bodies (Swamp:2)
  A deep elf archer (Elf:1)
  2 lindwurms
  A thermic dynamo (Zot:2)
  3 ironbound convokers
  2 necromancers
  3 deep elf pyromancers
  A salamander (Snake:3)
  A shining eye (Slime:2)
  2 will-o-the-wisps
  3 ugly things (Vaults:3)
  A manticore (shapeshifter) (Zot:2)
  3 moths of wrath
  3 naga magi
  2 eyes of devastation
  9 black mambas
  7 vault sentinels
  6 yaktaurs
  2 hornets
  A tyrant leech (Swamp:3)
  A glass eye (Slime:1)
  3 spriggans
  20 slime creatures
  A golden eye (Lair:5)
  A redback (Vaults:4)
  A redback (shapeshifter) (Vaults:5)
  A swamp worm (Swamp:4)
  7 nagas
  4 swamp drakes
  3 mummies (Tomb:1)
  A ribbon worm (shapeshifter) (Depths:2)
  An aspiring flesh (Zot:3)
  2 butterflies (Zot:2)
271 creatures vanquished.

Vanquished Creatures (others)
  Khufu (Crypt:3)
  3 orbs of fire (Zot:5)
  An ancient lich (Zot:5)
  A juggernaut (Abyss:3)
  A shard shrike (Zig:1)
  2 Killer Klowns (Zot:5)
  2 curse toes
  A bone dragon (Abyss:3)
  2 hellephants (Depths:3)
  A tentacled monstrosity (Zot:3)
  A deep elf blademaster (Depths:3)
  A quicksilver dragon (Snake:4)
  A lich (Depths:2)
  An Orb Guardian (Zot:5)
  2 sphinxes (Tomb:1)
  An ancient champion (Tomb:1)
  A death cob (Zot:4)
  A shadow dragon (Vaults:5)
  A storm dragon (Zot:1)
  3 frost giants
  2 vault wardens (Vaults:4)
  A draconian shifter (Zot:3)
  A protean progenitor (Zot:3)
  A draconian monk (Zot:2)
  2 deep elf elementalists (Elf:3)
  A draconian scorcher (Zot:5)
  A balrug (Zot:2)
  A deep elf sorcerer (Elf:1)
  2 draconian knights (Zot:3)
  An orc warlord (Vaults:4)
  A ghoul (Swamp:4)
  A stone giant (Depths:2)
  A vampire knight (Crypt:3)
  A green draconian (Zot:4)
  A deep elf demonologist (Elf:3)
  A black draconian (Zot:5)
  3 deep elf annihilators
  A war gargoyle (Vaults:5)
  4 dire elephants
  A bunyip (Swamp:3)
  A red draconian (Zot:3)
  An eidolon (Crypt:2)
  An ettin (Depths:2)
  3 fire dragons
  2 yaktaur captains
  A mummy priest (Tomb:1)
  2 hydras
  A great orb of eyes (Vaults:1)
  A rakshasa (Depths:2)
  A salamander tyrant (Snake:4)
  An ice dragon (Depths:2)
  3 ironbound frosthearts
  A catoblepas (Lair:4)
  2 alligators
  4 anacondas
  A death yak (Lair:5)
  A centaur warrior (Vaults:2)
  A boulder beetle (D:15)
  A death scarab (Tomb:1)
  2 tengu warriors
  5 spriggan berserkers
  An occultist (Depths:2)
  A hell hog (Depths:3)
  3 naga sharpshooters (Snake:1)
  A thrashing horror (Abyss:3)
  A deep troll earth mage (Depths:2)
  4 shock serpents
  2 naga warriors
  Sonja (Lair:4)
  4 deep elf knights
  3 hell knights
  A skyshark (Vaults:4)
  A skeletal warrior (D:15)
  5 deep trolls
  A deep elf pyromancer (Elf:2)
  2 lindwurms
  2 ironbound convokers
  2 deep elf zephyrmancers
  An ugly thing (D:15)
  3 orc knights
  A salamander (Snake:1)
  2 moths of wrath
  5 naga magi
  A fire giant skeleton (Depths:2)
  3 guardian serpents
  7 black mambas
  3 cane toads
  An unseen horror (D:12)
  4 yaktaurs
  2 bloated husks
  A troll (Orc:2)
  A raiju (Abyss:3)
  A tyrant leech (Swamp:2)
  A blink frog (Lair:4)
  A spriggan (Swamp:2)
  A vampire (Crypt:3)
  2 water elementals (Depths:4)
  A redback (Vaults:1)
  A steam dragon (Lair:2)
  2 swamp worms (Swamp:4)
  2 orc warriors (Orc:2)
  2 nagas (Snake:1)
  3 orc wizards
  An orc (Orc:2)
  4 fire vortices (Zig:9)
  60 foxfires
  5 starspawn tentacles (Zot:2)
249 creatures vanquished.

Grand Total: 2765 creatures vanquished

Notes
Turn   | Place    | Note
-------+----------+-------------------------------------------
     0 | D:1      | hikkokomori the Mountain Dwarf Cinder Acolyte began the
                  | quest for the Orb.
     0 | D:1      | Reached XP level 1. HP: 19/19 MP: 2/2
   315 | D:1      | Reached XP level 2. HP: 16/27 MP: 3/3
   488 | D:1      | Got the Parchment of Graupel and Ectoplasm
   862 | D:2      | Reached XP level 3. HP: 34/34 MP: 4/4
   893 | D:2      | Identified the +9 spear of Pahythy {flame, rC+ Int+3}
  1118 | D:2      | Found a faded altar of an unknown god.
  1176 | D:3      | Noticed Natasha
  1182 | D:3      | Killed Natasha
  1183 | D:3      | Reached skill level 5 in Fighting
  1183 | D:3      | Reached skill level 1 in Polearms
  1221 | D:3      | Reached XP level 4. HP: 42/42 MP: 5/5
  1233 | D:3      | Found a glowing drain.
  1244 | Sewer    | Entered a sewer
  1425 | Sewer    | Reached XP level 5. HP: 48/48 MP: 6/6
  1554 | Sewer    | Reached skill level 5 in Polearms
  1554 | Sewer    | Reached XP level 6. HP: 35/56 MP: 5/7
  1661 | D:3      | Noticed Natasha
  1664 | D:3      | Killed Natasha
  2100 | D:3      | Found a sparkling altar of Nemelex Xobeh.
  2100 | D:3      | Found a shimmering blue altar of Sif Muna.
  2277 | D:3      | Noticed Natasha
  2280 | D:3      | Killed Natasha
  2641 | D:4      | Reached XP level 7. HP: 61/61 MP: 8/8
  2766 | D:4      | Found a glowing silver altar of Zin.
  2891 | D:5      | Entered Level 5 of the Dungeon
  2971 | D:5      | Found a staircase to the Ecumenical Temple.
  3308 | D:5      | Noticed Ijyb
  3314 | D:5      | Killed Ijyb
  3407 | D:5      | Reached skill level 1 in Evocations
  3590 | D:5      | Found an ornate altar of the Wu Jian Council.
  3633 | D:5      | Learned a level 2 spell: Scorch
  3721 | D:6      | Reached skill level 4 in Fire Magic
  3721 | D:6      | Reached XP level 8. HP: 56/68 MP: 6/9
  4102 | D:6      | Found a hazy altar of Hepliaklqana.
  4109 | D:6      | Reached skill level 5 in Fire Magic
  4148 | D:6      | Identified the +3 leather armour of the Good {rCorr Int+3
                  | Stlth+}
  4879 | D:7      | Reached skill level 5 in Evocations
  5167 | D:7      | Noticed a hornet
  5182 | D:7      | Reached XP level 9. HP: 40/74 MP: 4/10
  5190 | D:7      | Reached skill level 1 in Armour
  5493 | D:7      | Reached skill level 1 in Shields
  5573 | D:7      | Identified the +6 chain mail of Caotre {rPois Dex+6 Stlth-}
  5873 | D:8      | Noticed a two-headed ogre
  5875 | D:8      | Identified the +1 leather armour "Yfueleda" {*Corrode rElec
                  | rN+ Str+6}
  5878 | D:8      | Killed a two-headed ogre
  5915 | D:8      | Reached skill level 5 in Armour
  6092 | D:8      | Reached skill level 5 in Shields
  6365 | D:9      | Reached XP level 10. HP: 86/86 MP: 11/11
  6669 | D:9      | Noticed Gastronok
  6720 | D:9      | Killed Gastronok
  6721 | D:9      | Reached skill level 10 in Shields
  7132 | D:10     | Entered Level 10 of the Dungeon
  7152 | D:10     | Noticed Josephine
  7169 | D:10     | Killed Josephine
  7170 | D:10     | Reached XP level 11. HP: 85/92 MP: 10/12
  7238 | D:10     | Noticed Maurice
  7245 | D:10     | Killed Maurice
  7252 | D:10     | Noticed a death yak
  7275 | D:10     | Killed a death yak
  7359 | D:10     | Found a staircase to the Lair.
  7413 | D:10     | Noticed Grum
  7423 | D:10     | Killed Grum
  7556 | D:10     | Noticed Joseph
  7579 | D:10     | Killed Joseph
  7844 | Lair:1   | Entered Level 1 of the Lair of Beasts
  7931 | Lair:1   | Reached skill level 10 in Polearms
  7999 | Lair:1   | Reached skill level 10 in Fighting
  8470 | Lair:1   | Reached XP level 12. HP: 85/106 MP: 13/13
  9080 | D:11     | Found a runed translucent gate.
  9080 | D:11     | Found a runed translucent gate.
  9080 | D:11     | Found a runed translucent gate.
  9084 | D:11     | Noticed a two-headed ogre
  9099 | D:11     | Killed a two-headed ogre
  9196 | D:11     | Noticed MadMike78's ghost (journeyman CoFi)
  9318 | D:11     | Noticed a two-headed ogre
  9321 | D:11     | Noticed a boulder beetle
  9350 | D:11     | Killed a two-headed ogre
  9372 | D:11     | Killed a boulder beetle
  9617 | D:11     | Found a shadowy altar of Dithmenos.
  9668 | D:11     | You fall into a shaft and drop 3 floors!
  9669 | D:14     | Noticed an entropy weaver
  9669 | D:14     | Noticed a tengu warrior
  9669 | D:14     | Noticed a tengu warrior
  9669 | D:14     | Noticed a fire dragon
  9669 | D:14     | Noticed a centaur warrior
  9673 | D:14     | Noticed a boulder beetle
  9710 | D:14     | Killed a boulder beetle
  9751 | D:14     | Noticed a centaur warrior
  9764 | D:14     | Reached skill level 10 in Evocations
  9776 | D:14     | Killed a centaur warrior
  9811 | D:14     | Noticed an eight-headed hydra
  9813 | D:14     | Noticed a centaur warrior
  9817 | D:14     | Killed an eight-headed hydra
  9823 | D:14     | Killed a centaur warrior
  9824 | D:14     | Reached XP level 13. HP: 80/116 MP: 14/14
 10027 | D:14     | Reached skill level 10 in Armour
 10095 | D:14     | Noticed a fire dragon
 10123 | D:14     | Killed a fire dragon
 10297 | D:13     | Found a gate to the Vaults.
 10466 | D:12     | Found a gate leading to a gauntlet.
 10477 | Gauntlet | Entered a Gauntlet
 10477 | Gauntlet | Found a transporter.
 10482 | Gauntlet | Found the +8 orange crystal plate armour {Archmagi, Int+3
                  | Clar}
 10485 | Gauntlet | Found a transporter.
 10524 | Gauntlet | Found a transporter.
 10582 | Gauntlet | Found a transporter.
 10590 | Gauntlet | Found a transporter.
 10590 | Gauntlet | Found a transporter.
 10590 | Gauntlet | Found a transporter.
 10616 | Gauntlet | Found the +8 trishula "Condemnation" {holy, anguish, *Noise
                  | Fly rN+}
 10634 | Gauntlet | Found a transporter.
 10634 | Gauntlet | Found a runed translucent door.
 10673 | Gauntlet | Found a transporter.
 10673 | Gauntlet | Found a transporter.
 10704 | Gauntlet | Noticed a minotaur
 10728 | Gauntlet | Killed a minotaur
 10729 | Gauntlet | Reached skill level 6 in Fire Magic
 10939 | Gauntlet | Learned a level 4 spell: Animate Dead
 11088 | D:12     | Reached skill level 1 in Necromancy
 11541 | Lair:2   | Reached skill level 5 in Spellcasting
 11945 | Lair:2   | Found a staircase to the Snake Pit.
 12264 | Temple   | Entered the Ecumenical Temple
 12275 | Temple   | Fell from the grace of Ignis
 12275 | Temple   | Became a worshipper of Gozag Ym Sagoz the Greedy
 12576 | D:12     | Found a staircase to the Orcish Mines.
 12592 | D:12     | Found Cafonam's Weapon Boutique.
 12666 | D:12     | You are sucked into a shaft and drop 2 floors!
 12891 | D:13     | Reached XP level 14. HP: 94/126 MP: 21/21
 13322 | D:13     | Found a glowing silver altar of Zin.
 13322 | D:13     | Noticed an angel
 14032 | Lair:3   | Reached skill level 5 in Necromancy
 14085 | Lair:3   | Found a staircase to the Swamp.
 14752 | Lair:4   | Noticed Sonja
 14767 | Lair:4   | Paralysed by Sonja for 5 turns
 14768 | Lair:4   | Killed Sonja
 14991 | Lair:4   | Learned a level 5 spell: Borgnjor's Vile Clutch
 15107 | Lair:4   | Reached skill level 1 in Earth Magic
 15111 | Lair:4   | Reached skill level 1 in Throwing
 16522 | Lair:4   | Noticed Urug
 16533 | Lair:4   | Killed Urug
 16610 | Lair:4   | Was forgiven by Ignis
 17024 | Orc:1    | Entered Level 1 of the Orcish Mines
 17229 | Orc:2    | Entered Level 2 of the Orcish Mines
 17234 | Orc:2    | Found a staircase to the Elven Halls.
 17271 | Orc:2    | Found a roughly hewn altar of Beogh.
 17399 | Orc:2    | Found Vuutiar's Weapon Shoppe.
 17988 | Orc:2    | Noticed Saint Roka
 18512 | Orc:2    | Found a roughly hewn altar of Beogh.
 18514 | Orc:2    | Found Zuzis's Jewellery Shop.
 18529 | Orc:2    | Bought the amulet of Teyceuri {Regen+ RegenMP+} for 555
                  | gold pieces
 18529 | Orc:2    | Bought a ring of see invisible for 225 gold pieces
 18606 | Orc:2    | Killed Saint Roka
 18607 | Orc:2    | Reached skill level 5 in Earth Magic
 18708 | Orc:2    | Found a roughly hewn altar of Beogh.
 18881 | Orc:2    | Found a roughly hewn altar of Beogh.
 18983 | Orc:2    | Found Eraoll's Antique Armour Boutique.
 18984 | Orc:2    | Found a roughly hewn altar of Beogh.
 18985 | Orc:2    | Found Coat's Antique Weapon Shop.
 18998 | Orc:2    | Bought a runed helmet for 217 gold pieces
 19026 | Orc:2    | Bought a pair of runed boots for 232 gold pieces
 19026 | Orc:2    | Bought a pair of runed boots for 232 gold pieces
 19040 | Orc:2    | Bought a scroll of blinking for 105 gold pieces
 19040 | Orc:2    | Bought a scroll of vulnerability for 56 gold pieces
 19040 | Orc:2    | Bought a scroll of teleportation for 42 gold pieces
 19040 | Orc:2    | Bought a scroll of blinking for 105 gold pieces
 19255 | Lair:5   | Entered Level 5 of the Lair of Beasts
 19345 | Lair:5   | Reached XP level 15. HP: 132/132 MP: 22/22
 19500 | Lair:5   | Identified the +5 quarterstaff of Dyxo {antimagic, Will+
                  | Int+2}
 19640 | Lair:5   | Found a viscous altar of Jiyva.
 19640 | Lair:5   | Found a staircase to the Slime Pits.
 19859 | Lair:5   | Reached skill level 10 in Necromancy
 20038 | Lair:5   | Learned a level 6 spell: Death Channel
 20042 | Lair:5   | Learned a level 2 spell: Blink
 20286 | Lair:5   | Reached skill level 1 in Translocations
 20340 | Lair:5   | Identified the +8 chain mail of Ruiwed {Str+5 Int-3}
 20680 | D:15     | Entered Level 15 of the Dungeon
 21088 | D:15     | Found Icigeag's Antique Weapon Boutique.
 21507 | D:15     | Found a shadowy altar of Dithmenos.
 21776 | D:15     | Reached XP level 16. HP: 127/139 MP: 24/24
 21880 | D:15     | Found a staircase to the Depths.
 22180 | Swamp:1  | Entered Level 1 of the Swamp
 22574 | Elf:1    | Entered Level 1 of the Elven Halls
 22574 | Elf:1    | Found a runed translucent gate.
 22574 | Elf:1    | Found a runed translucent gate.
 22574 | Elf:1    | Found a runed translucent gate.
 22574 | Elf:1    | Found a runed translucent gate.
 22574 | Elf:1    | Found a runed translucent gate.
 22574 | Elf:1    | Found a runed translucent gate.
 22575 | Elf:1    | Found a runed translucent door.
 22584 | Abyss:3  | Cast into level 3 of the Abyss (a deep elf sorcerer)
 22585 | Abyss:3  | Upgraded the game from 0.32-a0-576-g706899e69d to
                  | 0.32-a0-593-g85ff8e36a1
 22630 | Abyss:3  | Found a corrupted altar of Lugonu.
 22781 | Abyss:3  | Found a glowing golden altar of the Shining One.
 22782 | Abyss:3  | Identified the +0 buckler of Qazlal's Delight {rElec Str+8}
 22789 | Abyss:3  | Noticed a juggernaut
 22806 | Abyss:3  | Got an abyssal rune of Zot
 22823 | Abyss:3  | Killed a juggernaut
 22840 | Elf:1    | Escaped the Abyss
 22988 | Orc:1    | Noticed Erica
 22999 | Orc:1    | Killed Erica
 23202 | Elf:1    | Found a runed translucent door.
 23395 | Snake:1  | Entered Level 1 of the Snake Pit
 23557 | Orc:2    | Bought Sif Muna's Excursus on Incineration for 768 gold
                  | pieces
 24218 | Snake:1  | Identified the +5 whip of Death {flame, rF++ rN+ SInv}
 24240 | Snake:1  | Reached skill level 7 in Fire Magic
 24275 | Snake:1  | Reached skill level 5 in Maces & Flails
 24524 | Snake:1  | Found Omey's Assorted Antiques.
 24555 | Snake:1  | Bought a scroll of identify for 50 gold pieces
 24555 | Snake:1  | Bought a potion of might for 100 gold pieces
 24557 | Snake:1  | Found Omuggom's Weapon Shoppe.
 24637 | Snake:1  | Found Bafous's General Store.
 24644 | Snake:1  | Bought a scroll of identify for 40 gold pieces
 24644 | Snake:1  | Bought a potion of curing for 60 gold pieces
 24990 | Snake:1  | Found Bohey's Assorted Antiques.
 25006 | Snake:1  | Reached XP level 17. HP: 126/148 MP: 27/29
 25040 | Snake:1  | Found Huch's Armour Emporium.
 25445 | Snake:2  | Noticed Vashnia
 25445 | Snake:2  | Noticed Donald
 25685 | Snake:2  | Killed Donald
 25726 | Snake:2  | Learned a level 3 spell: Fugue of the Fallen
 25805 | Snake:2  | Reached skill level 8 in Fire Magic
 25811 | Snake:2  | Reached XP level 18. HP: 157/157 MP: 30/30
 26077 | Snake:2  | Noticed Frances
 26103 | Snake:2  | Reached skill level 1 in Dodging
 26121 | Snake:2  | Killed Frances
 26235 | Snake:2  | Killed Vashnia
 26702 | Snake:3  | Identified the +3 quarterstaff "Quvin" {heavy, +Blink Str+2
                  | Int-4 Dex+3}
 28042 | Snake:4  | Entered Level 4 of the Snake Pit
 28621 | Snake:4  | Found Mebb's Book Shop.
 28719 | Snake:4  | Reached skill level 10 in Maces & Flails
 28811 | Snake:4  | Identified the +10 short sword of Ashenzari, Chewing
                  | {heavy, Will+ Int+4 Dex+3}
 29107 | Snake:4  | Got a serpentine rune of Zot
 29537 | Snake:1  | Bought a +0 helmet of intelligence for 184 gold pieces
 29633 | Snake:4  | Bought a book of the Spheres for 1024 gold pieces
 29639 | Snake:4  | Learned a level 5 spell: Fireball
 29977 | Lair:3   | Reached skill level 1 in Conjurations
 30260 | Swamp:1  | Reached XP level 19. HP: 42/165 MP: 31/31
 31222 | Swamp:2  | Noticed Mlioglotl
 31228 | Swamp:2  | Killed Mlioglotl
 31260 | Swamp:2  | Reached skill level 9 in Fire Magic
 32477 | Swamp:2  | Learned a level 3 spell: Inner Flame
 32523 | Swamp:3  | Identified a scroll of acquirement
 32523 | Swamp:3  | Acquired 1206 gold pieces
 33007 | Swamp:3  | Upgraded the game from 0.32-a0-593-g85ff8e36a1 to
                  | 0.32-a0-599-gba8f9cf90e
 33035 | Swamp:4  | Entered Level 4 of the Swamp
 33278 | Swamp:3  | Reached skill level 10 in Fire Magic
 33470 | Swamp:4  | Reached skill level 15 in Armour
 33488 | Swamp:4  | Reached skill level 15 in Fighting
 33833 | Swamp:4  | Reached skill level 5 in Conjurations
 34458 | Swamp:4  | Got a decaying rune of Zot
 35045 | Elf:1    | Identified the +5 hand axe "Emmiluoc" {chaos, rC+++ rN+
                  | rCorr Int-3}
 35049 | Elf:1    | Paralysed by an air elemental for 1 turns
 35060 | Elf:1    | Paralysed by an air elemental for 1 turns
 35124 | Elf:1    | Reached skill level 11 in Fire Magic
 35349 | Elf:1    | Reached XP level 20. HP: 178/178 MP: 32/32
 35637 | Swamp:3  | Bought the +5 Storm Queen's Shield {shock, Fly rElec} for
                  | 2052 gold pieces
 35637 | Swamp:3  | Found the +5 Storm Queen's Shield {shock, Fly rElec}
 35908 | Elf:1    | Got the Folio of the Volley
 36077 | Elf:1    | Got the Compilation of Planar Firn
 36317 | Elf:1    | You are sucked into a shaft and drop 1 floor!
 36318 | Elf:2    | Found a runed translucent gate.
 36318 | Elf:2    | Found a runed translucent gate.
 36318 | Elf:2    | Found a runed translucent gate.
 36638 | Elf:2    | Reached skill level 12 in Fire Magic
 37067 | Elf:2    | Found a radiant altar of Vehumet.
 37135 | Abyss:3  | Cast into level 3 of the Abyss (+0 scimitar of distortion)
 37140 | Abyss:3  | Found a corrupted altar of Lugonu.
 37186 | Abyss:3  | Noticed a bone dragon
 37205 | Abyss:3  | Killed a bone dragon
 37219 | Elf:2    | Escaped the Abyss
 37973 | Vaults:1 | Entered Level 1 of the Vaults
 38027 | Vaults:1 | Reached skill level 13 in Fire Magic
 38142 | Vaults:1 | Learned a level 4 spell: Vhi's Electric Charge
 38242 | Vaults:1 | Reached skill level 1 in Air Magic
 38974 | Vaults:1 | Found Usemusm's General Store.
 38982 | Vaults:1 | Bought a potion of invisibility for 160 gold pieces
 38982 | Vaults:1 | Bought a phantom mirror for 800 gold pieces
 39101 | Vaults:1 | Found a transporter.
 39135 | Vaults:1 | Paralysed by a formless jellyfish for 1 turns
 39189 | Vaults:1 | Identified the ring of Yninaopt {rC+ Will+ Str+6 Dex+2
                  | Stlth+}
 39224 | Vaults:1 | Found a transporter.
 39512 | Vaults:2 | Identified the +8 plate armour of the Illusory Prophets
                  | {Str+5}
 39606 | Vaults:2 | Reached skill level 14 in Fire Magic
 39650 | Vaults:2 | Found a flickering gateway to a bazaar.
 39697 | Vaults:2 | Paralysed by a formless jellyfish for 1 turns
 39959 | Vaults:2 | Reached skill level 5 in Translocations
 39959 | Vaults:2 | Reached XP level 21. HP: 184/184 MP: 26/33
 40236 | Bazaar   | Entered a bazaar
 40236 | Bazaar   | Found Meixyose's Weapon Shop.
 40236 | Bazaar   | Found Dirchiluo's Antique Weapon Emporium.
 40240 | Bazaar   | Found Faxashorgh's Book Shoppe.
 40273 | Bazaar   | Found Goengocu's Magic Scroll Emporium.
 40281 | Bazaar   | Found Gaygieg's General Store.
 40291 | Bazaar   | Bought a potion of mutation for 104 gold pieces
 40291 | Bazaar   | Bought a potion of enlightenment for 65 gold pieces
 40291 | Bazaar   | Bought a wand of quicksilver (6) for 327 gold pieces
 40291 | Bazaar   | Bought a potion of heal wounds for 65 gold pieces
 40308 | Bazaar   | Bought a scroll of fog for 40 gold pieces
 40308 | Bazaar   | Bought a scroll of amnesia for 40 gold pieces
 40308 | Bazaar   | Bought a scroll of fear for 40 gold pieces
 40318 | Bazaar   | Bought a bloodstained morningstar for 198 gold pieces
 40318 | Bazaar   | Identified the +1 morningstar of Soor {freeze, rF- Will+
                  | Str+4} (You bought it in a shop in a bazaar)
 40337 | Bazaar   | Bought a book of Transmutation for 280 gold pieces
 41588 | Vaults:3 | Found Xivanydgh's Antique Weapon Emporium.
 41601 | Vaults:3 | Reached skill level 15 in Fire Magic
 41690 | Vaults:3 | Noticed Mara
 41717 | Vaults:3 | Reached skill level 10 in Spellcasting
 41731 | Vaults:3 | Noticed hikkokomori's illusion
 42171 | Vaults:3 | Found Cynelio's Armour Shop.
 42527 | Vaults:3 | Identified the +1 pair of boots of Secsaz Vonau {Will++
                  | Int+3}
 42786 | Vaults:3 | Noticed hikkokomori's illusion
 42789 | Vaults:3 | Killed Mara
 43061 | Vaults:3 | Found a staircase to the Crypt.
 43175 | Vaults:4 | Noticed a dread lich
 43211 | Vaults:4 | Killed a dread lich
 43212 | Vaults:4 | Reached skill level 5 in Dodging
 43675 | Vaults:4 | Reached XP level 22. HP: 153/195 MP: 36/36
 43887 | Vaults:4 | Noticed Norris
 43903 | Vaults:4 | Killed Norris
 44068 | Vaults:4 | Reached skill level 15 in Shields
 44068 | Vaults:4 | Reached XP level 23. HP: 202/202 MP: 37/37
 44867 | Slime:1  | Entered Level 1 of the Pits of Slime
 44878 | Lair:5   | Bought a +2 cloak of preservation for 236 gold pieces
 44909 | Lair:5   | Learned a level 8 spell: Ignition
 46421 | Slime:4  | Paralysed by a formless jellyfish for 1 turns
 46446 | Slime:4  | Paralysed by a formless jellyfish for 1 turns
 47154 | Crypt:1  | Entered Level 1 of the Crypt
 47560 | Crypt:1  | Reached skill level 16 in Fire Magic
 48112 | Crypt:1  | Reached skill level 17 in Fire Magic
 48649 | Crypt:2  | Reached skill level 18 in Fire Magic
 48703 | Crypt:2  | Noticed a royal mummy
 48713 | Crypt:2  | Killed a royal mummy
 49093 | Crypt:2  | Noticed a royal mummy
 49266 | Crypt:2  | Killed a royal mummy
 49395 | Crypt:2  | Reached skill level 19 in Fire Magic
 49487 | Crypt:2  | Noticed a royal mummy
 49502 | Crypt:2  | Killed a royal mummy
 49606 | Crypt:2  | Found the +7 sceptre of Torment {pain, torment}
 49788 | Crypt:2  | Found a shadowy altar of Dithmenos.
 49793 | Crypt:2  | Identified the staff of Prudence {*Corrode rPois rN++ Earth
                  | Alchemy}
 50069 | Elf:3    | Entered Level 3 of the Elven Halls
 50093 | Elf:3    | Paralysed by an air elemental for 1 turns
 50309 | Elf:3    | Reached XP level 24. HP: 141/183 MP: 37/37
 50368 | Elf:3    | Paralysed by an air elemental for 1 turns
 50399 | Elf:3    | Noticed Louise
 50431 | Elf:3    | Killed Louise
 50893 | Elf:3    | Identified the ring "Boweojis" {rF+ Will+}
 51238 | Elf:3    | Reached skill level 20 in Fire Magic
 51659 | Elf:3    | Identified the amulet of Xidoz {rPois RegenMP+}
 51663 | Elf:3    | Got the Secrets of Grey Illusion
 51679 | Elf:3    | Identified the staff of Lust {Str+2 Int+3 Conj Hexes Air}
 52238 | Crypt:3  | Entered Level 3 of the Crypt
 52327 | Crypt:2  | Bought a pair of embroidered gloves for 277 gold pieces
 52369 | Crypt:3  | Found a staircase to the Tomb.
 52574 | Crypt:3  | Noticed a royal mummy
 52577 | Crypt:3  | Noticed Khufu
 52593 | Crypt:3  | Killed a royal mummy
 52604 | Crypt:3  | Killed Khufu
 52780 | Crypt:3  | Noticed Jory
 52797 | Crypt:3  | Killed Jory
 53276 | Crypt:3  | Identified the +6 chain mail "Cennebema" {-Cast rC+ rCorr}
 53308 | Crypt:3  | Identified the staff of Nelesch {rPois rN++ Str-3 Dex+3
                  | Conj}
 53447 | Crypt:3  | Identified the ring of Scepticism {Fly rElec MP+9 SInv}
 53470 | Crypt:3  | Identified the staff "Impslayer" {rN+ Dex+3 Necro}
 53474 | Crypt:3  | Got the Book of Generation and Bewitchment
 53493 | Crypt:3  | Identified the +0 robe of the Kraken {rC- rN+ rCorr Str+4}
 53590 | Crypt:3  | Reached skill level 21 in Fire Magic
 54015 | Crypt:3  | Identified the amulet of Qazlal's Felicitations {Fly Will-
                  | Regen+ RegenMP+ Slay+3}
 54015 | Crypt:3  | Identified the ring "Suthroh" {Ice rN++}
 54188 | Tomb:1   | Entered Level 1 of the Tomb of the Ancients
 54359 | Tomb:1   | Reached skill level 10 in Conjurations
 54758 | Tomb:1   | Noticed a royal mummy
 54872 | Tomb:1   | Killed a royal mummy
 55142 | Tomb:1   | Noticed a royal mummy
 55150 | Tomb:1   | Killed a royal mummy
 55151 | Tomb:1   | Reached XP level 25. HP: 113/204 MP: 8/38
 55296 | Tomb:1   | Noticed a royal mummy
 55310 | Tomb:1   | Killed a royal mummy
 55418 | Tomb:1   | Learned a level 6 spell: Plasma Beam
 56209 | Depths:1 | Entered Level 1 of the Depths
 56305 | Depths:1 | Found a gateway to Hell.
 56358 | Depths:1 | Found Fest's Assorted Antiques.
 56785 | Depths:1 | Found Qetwil's Antique Armour Shoppe.
 56786 | Depths:1 | Found Zeawata's Antique Weapon Shoppe.
 56786 | Depths:1 | Found Icsal's General Store.
 56814 | Depths:1 | Found Veet's Weapon Emporium.
 56918 | Depths:1 | Found a one-way gate to the infinite horrors of the Abyss.
 57369 | Depths:2 | Reached skill level 22 in Fire Magic
 57537 | Depths:2 | Reached skill level 5 in Air Magic
 57554 | Depths:2 | Found a blossoming altar of Fedhas.
 57828 | Depths:2 | Found a shimmering altar of Xom.
 57844 | Depths:2 | Found a glowing golden altar of the Shining One.
 57846 | Depths:2 | Found a stormy altar of Qazlal.
 57855 | Depths:2 | You are sucked into a shaft and drop 1 floor!
 58034 | Depths:2 | Found the +6 shillelagh "Devastator" {shatter}
 58088 | Depths:2 | Got the Almanac of the Summoned Sky
 58151 | Depths:2 | Found a shimmering blue altar of Sif Muna.
 58334 | Depths:2 | Found a one-way gate leading to the halls of Pandemonium.
 59080 | Depths:3 | Noticed a juggernaut
 59097 | Depths:3 | Killed a juggernaut
 59150 | Depths:3 | Found a one-way gateway to a ziggurat.
 59394 | Depths:3 | Identified the ring "Buzoama" {*Slow rF+ rN+ Dex+7}
 60364 | Depths:3 | Identified the +0 robe "Dicool" {Stlth+}
 60367 | Depths:3 | Got the Atlas of Sandy Carrion
 60440 | Depths:4 | Entered Level 4 of the Depths
 60983 | Depths:4 | Reached XP level 26. HP: 224/224 MP: 40/40
 61103 | Depths:4 | Noticed a juggernaut
 61114 | Depths:4 | Killed a juggernaut
 61389 | Depths:4 | Found a gate to the Realm of Zot.
 62537 | Vaults:5 | Entered Level 5 of the Vaults
 62557 | Vaults:5 | Reached skill level 23 in Fire Magic
 62567 | Vaults:5 | Noticed Xtahua
 62567 | Vaults:5 | Identified the +6 war axe of Integrity {flame, ^Contam Fly
                  | Int+8 Dex-5}
 62580 | Vaults:5 | Killed Xtahua
 62581 | Vaults:5 | Reached skill level 15 in Spellcasting
 62757 | Vaults:5 | Noticed an ancient lich
 62766 | Vaults:5 | Killed an ancient lich
 62767 | Vaults:5 | Reached skill level 15 in Conjurations
 62775 | Vaults:5 | Identified the ring of Vodka {Fire rElec rN++ Str-4 Dex+2}
 62843 | Vaults:5 | Got a silver rune of Zot
 62953 | Vaults:5 | Identified the ring "Pauc" {^Drain rF+ Dex+7}
 63453 | Vaults:5 | Reached XP level 27. HP: 129/231 MP: 42/42
 63577 | Vaults:5 | Identified the +0 robe of the Tomato {rC+ Dex+3}
 63739 | Vaults:5 | Noticed Margery
 63741 | Vaults:5 | Reached skill level 24 in Fire Magic
 63758 | Vaults:5 | Killed Margery
 64696 | Slime:5  | Entered Level 5 of the Pits of Slime
 64778 | Slime:5  | Noticed the Royal Jelly
 64783 | Slime:5  | Killed the Royal Jelly
 64810 | Slime:5  | Paralysed by a formless jellyfish for 1 turns
 64831 | Slime:5  | Gained mutation: You have hidden genetic defects. [a
                  | shining eye]
 64857 | Slime:4  | Lost mutation: You have hidden genetic defects. [potion of
                  | mutation]
 64857 | Slime:4  | Gained mutation: You possess an exceptional clarity of
                  | mind. [potion of mutation]
 64857 | Slime:4  | Gained mutation: Your magical capacity is low. (-10% MP)
                  | [potion of mutation]
 64857 | Slime:4  | Gained mutation: You have hidden genetic potential. [potion
                  | of mutation]
 64857 | Slime:4  | Gained mutation: You have a somewhat thin skeletal
                  | structure. (Dex +2, Stealth+) [potion of mutation]
 65110 | Slime:5  | Got a slimy rune of Zot
 65182 | Slime:5  | Identified the staff of Shame {Int+3 Earth}
 65208 | Slime:5  | Identified the +6 arbalest "Yciacog" {elec, Will+ Str+3
                  | Int+2 Stlth+}
 65480 | Slime:5  | Identified the +1 pair of gloves of Goufen {rPois rCorr
                  | Int-5}
 65481 | Slime:5  | Identified the +8 arbalest "Hydra's Peril" {flame, rElec
                  | rC+ rN+ Int+3}
 65484 | Slime:5  | Identified the +1 helmet "Coojudom" {Str+4 Slay-5 SInv}
 65547 | Slime:5  | Found the +3 giant club "Skullcrusher" {speed, Str+7}
 65551 | Slime:5  | Identified the ring "Buawaob" {rPois Slay+2 SInv}
 65558 | Slime:5  | Identified the ring "Ticheena" {rC++ rN+ Str-2}
 65566 | Slime:5  | Identified the +0 dagger of Wynodyvo {flame, rF++}
 66454 | Zot:1    | Entered Level 1 of the Realm of Zot
 66860 | Zot:1    | HP: 11/232 [white draconian/blast of cold (24)]
 67907 | Zot:2    | You are sucked into a shaft and drop 1 floor!
 67952 | Zot:3    | Reached skill level 25 in Fire Magic
 68442 | Zot:3    | Identified the +1 sling of Fianuhuu {speed, rC+ Will-
                  | Dex+8}
 69863 | Zot:2    | Identified the orb "Woighaon" {*channel, Int+4}
 69870 | Zot:2    | Found a corrupted altar of Lugonu.
 70616 | Zot:4    | Gained mutation: You are partially covered in iridescent
                  | scales. (AC +2) [hidden potential]
 70928 | Zot:4    | Identified the +1 leather armour "Miaveanlu" {Str+4}
 71515 | Zot:5    | Entered Level 5 of the Realm of Zot
 71985 | Zot:5    | Noticed a dread lich
 71995 | Zot:5    | Killed a dread lich
 72169 | Zot:5    | Noticed an ancient lich
 72184 | Zot:5    | Killed an ancient lich
 72184 | Zot:5    | Noticed an orb of fire
 72422 | Zot:4    | Bought a potion of curing for 48 gold pieces
 72422 | Zot:4    | Bought a potion of cancellation for 128 gold pieces
 72422 | Zot:4    | Bought 2 potions of haste for 320 gold pieces
 72422 | Zot:4    | Bought a potion of brilliance for 64 gold pieces
 72468 | Zot:5    | Found Simiy's Last-Chance Deals.
 72611 | Zot:5    | Noticed an ancient lich
 72613 | Zot:5    | Killed an orb of fire
 72651 | Zot:5    | Killed an ancient lich
 72923 | Zot:5    | Noticed an orb of fire
 72956 | Zot:5    | Gained mutation: Your magical capacity is very low. (-20%
                  | MP) [an orb of fire]
 72961 | Zot:5    | Killed an orb of fire
 73170 | Zot:5    | Noticed an ancient lich
 73184 | Zot:5    | Killed an ancient lich
 73199 | Zot:5    | Noticed an orb of fire
 73208 | Zot:5    | Gained mutation: Your magical capacity is extremely low.
                  | (-30% MP) [an orb of fire]
 73209 | Zot:5    | Gained mutation: You are weak. (Str -2) [an orb of fire]
 73219 | Zot:5    | Gained mutation: Your health recovers twice as slowly from
                  | being drained. [an orb of fire]
 73226 | Zot:5    | Killed an orb of fire
 73565 | Zot:5    | Noticed an ancient lich
 73576 | Zot:5    | Killed an ancient lich
 73631 | Zot:5    | Noticed an ancient lich
 73648 | Zot:5    | Killed an ancient lich
 73751 | Zot:5    | Noticed an orb of fire
 73762 | Zot:5    | Killed an orb of fire
 73778 | Zot:5    | Noticed an ancient lich
 73785 | Zot:5    | Killed an ancient lich
 74041 | Zot:5    | Noticed a dread lich
 74055 | Zot:5    | Killed a dread lich
 74068 | Zot:5    | Learned a level 9 spell: Fire Storm
 75388 | Zig:1    | Entered Level 1 of a ziggurat
 75551 | Zig:2    | Entered Level 2 of a ziggurat
 75574 | Zig:3    | Entered Level 3 of a ziggurat
 75663 | Zig:4    | Entered Level 4 of a ziggurat
 75715 | Zig:5    | Entered Level 5 of a ziggurat
 75855 | Zig:5    | Got Tepsoik's Compendium of Algor and Effluvium
 75876 | Zig:6    | Entered Level 6 of a ziggurat
 75879 | Zig:6    | Found the +8 frozen axe "Frostbite" {freeze, freezing
                  | cloud, *Noise Fly rC+}
 75881 | Zig:6    | Gained mutation: You are mostly covered in iridescent
                  | scales. (AC +4) [hidden potential]
 75881 | Zig:6    | Lost mutation: You have hidden genetic potential. [hidden
                  | potential expressed]
 75906 | Zig:6    | Identified the +10 plate armour of the Gate {Stlth+}
 75930 | Zig:7    | Entered Level 7 of a ziggurat
 75942 | Zig:7    | Noticed an ancient lich
 75943 | Zig:7    | Noticed a dread lich
 75947 | Zig:7    | Killed a dread lich
 75948 | Zig:7    | Killed an ancient lich
 76097 | Zig:7    | Identified the -1 pair of boots of the Vestibule of Hell
                  | {Int+2 Dex+6}
 76111 | Zig:8    | Entered Level 8 of a ziggurat
 76168 | Zig:8    | Identified the +10 mace "Naidyud" {antimagic, *Slow Will+
                  | Int+4}
 76198 | Zig:9    | Entered Level 9 of a ziggurat
 76218 | Zig:9    | Reached skill level 10 in Dodging
 76225 | Zig:9    | Killed from afar by a Brimstone Fiend

Illustrated notes

Levels and vault maps discovered:
D:1:      dpeg_arrival_long_road, layout_loops_cross, nrook_loot_triangle
D:2:      layout_rooms, ebering_ecumenical_altar_rust, hangedman_glass_teeth,
          minmay_fountain_box
D:3:      layout_basic, gammafunk_temple_overflow_elements,
          portal_sewer_entry_d, uniq_natasha
D:4:      layout_rooms, amcnicky_altar_gilded
D:5:      layout_basic, nicolae_wu_jian_glorious_leap,
          minmay_temple_entry_junction_2, uniq_ijyb
D:6:      layout_basic, mainiacjoe_overflow_concentric_impassable
D:7:      layout_basic
D:8:      layout_cave_pools, nicolae_concentric_dashed_squares_wild
D:9:      layout_cave_pools, uniq_gastronok
D:10:     layout_basic, dpeg_lair_monsters, moated_statue, uniq_josephine,
          uniq_joseph, uniq_maurice, uniq_grum
D:11:     layout_loops_ring, gammafunk_ghost_icy, minmay_ruined_shrine
D:12:     layout_gridville, orc_david_3, gauntlet_entry_generic
D:13:     nicolae_hitomezashi [nicolae_hito_row, nicolae_hito_row,
          nicolae_hito_row, nicolae_hito_row, nicolae_hito_row,
          nicolae_hito_row, nicolae_hito_row, nicolae_hito_row,
          nicolae_hito_row, nicolae_hito_row, nicolae_hito_row,
          nicolae_hito_row, nicolae_hito_row, nicolae_hito_row,
          nicolae_hito_row, nicolae_hito_row, nicolae_hito_row,
          nicolae_hito_row], layout_long_grid, david_vaults_2, zin_angel
D:14:     layout_big_octagon, corexii_corridor_pit, minivault_28
D:15:     grunt_enter_depths_magical_seal, layout_stronghold,
          nicolae_dithmenos_the_darkroom, serial_undead, serial_undead_f,
          serial_undead_e, serial_undead_d, serial_undead_a, serial_undead_d,
          serial_undead_e, serial_undead_b, serial_undead_a, serial_shops, shop,
          minmay_door_square
Temple:   bh_familiar_temple
Lair:1:   beast_lair_carwin_large_2, layout_cave_pods, lemuel_fruit_tree
Lair:2:   layout_roguey, dummy_snake_entry
Lair:3:   layout_chaotic_city, palyth_hydra_swamp_entry, fungi_pond_lemuel,
          kennysheep_rathole
Lair:4:   regret_index_malice_mire, layout_cave_pods, uniq_sonja, uniq_urug
Lair:5:   grunt_lair_end_beastmaster, layout_regular_city,
          minmay_slime_entry_oklob_enclosed
Swamp:1:  layout_basic_swamp, hangedman_swamp_blocks, infiniplex_staircase_pool
Swamp:2:  nzn_winding_woodlands_small [nzn_winding_woodlands_5x15_parted,
          nzn_winding_woodlands_center_pierced_h,
          nzn_winding_woodlands_5x15_twine], layout_falls_marsh,
          evilmike_swamp_ruin_house_1, uniq_mlioglotl
Swamp:3:  layout_falls_marsh, evilmike_swamp_ruin_rubble_2
Swamp:4:  swamp_fiery, layout_basic_swamp, nicolae_swamp_long_stream
Snake:1:  layout_honeycomb, serial_shops, nicolae_shop_gibbet_a_chance,
          nicolae_shop_temple_entry_statues_fountains,
          nicolae_shop_rolling_square, nicolae_shop_competitors_out_of_business,
          shop, nicolae_snake_snakewalk, grunt_megastairs_5
Snake:2:  layout_honeycomb, uniq_vashnia, uniq_frances, uniq_donald
Snake:3:  layout_chambers, nicolae_integral_box
Snake:4:  hellmonk_snake_rune_quicksilver_temple, layout_basic,
          minmay_shop_star, serial_bayou_shore_b
Slime:1:  layout_caves, nicolae_slime_phagocytosis
Slime:2:  layout_caves
Slime:3:  layout_caves
Slime:4:  layout_caves
Slime:5:  slime_pit_nicolae_inversion
Orc:1:    layout_diamond_mine, uniq_erica
Orc:2:    grunt_orc_community_town_hall, layout_diamond_mine,
          grunt_orc_community_big_house_1, grunt_orc_community_big_house_2,
          grunt_orc_community_house_2, grunt_orc_community_house_3,
          grunt_orc_community_house_1, grunt_orc_community_house_2,
          grunt_orc_community_house_3, nicolae_orc_minecarts
Elf:1:    nicolae_elf_arrival_dilemma, layout_geoelf_octagon,
          minmay_elf_annihilation, nicolae_elf_glass_and_crystal_pillar_1,
          corexii_leaking_fountain, minivault_8
Elf:2:    elven_hall_of_blades_hangedman_original [nooodl_blade_entry_preview],
          layout_onion_city, basic_altar, drop_trap, minivault_28
Elf:3:    minmay_elf_hall_furrowed, layout_loops_ring, uniq_louise
Vaults:1: vaults_room_stairs_pillars, gammafunk_the_bubble
          [the_bubble_gammafunk_grid], nicolae_vaults_two_Ls,
          nicolae_vaults_hexular_roomagon, vaults_dpeg_encased_lava,
          nicolae_vaults_closet_pinwheel_1, hangedman_vaults_corner_blocks,
          vaults_room_pools, nicolae_vaults_shelves_hall, vaults_room_corners,
          nicolae_vaults_ninety_degrees, vaults_room_hallway, v_rooms_3,
          vaults_room_grid, vaults_dpeg_hooks, layout_vaults_omnicross,
          serial_shops, shop
Vaults:2: nicolae_vaults_closet_pinwheel_2, nicolae_vaults_stepped_doors,
          nicolae_vaults_heart-shaped_vault,
          nicolae_vaults_trapezoid_lopsided_1, dpeg_vaults_monster_row,
          nicolae_vaults_theta, nicolae_vaults_what_the_h,
          nicolae_vaults_trapezoid_4, nicolae_vaults_shipping_containers_1,
          nicolae_vaults_heart-shaped_vault, layout_vaults_chaotic_city,
          serial_shops, bzr_in_the_mist
Vaults:3: v_misc_8, hangedman_vaults_hard_town_square, v_pattern_2,
          nicolae_vaults_yaktaur_gun_rack, v_misc_12, v_misc_19,
          ontoclasm_vaults_bender, hangedman_vaults_capsules,
          hangedman_vaults_corner_blocks, grunt_vaults_funnel,
          blue_anna_dwarven_crypt, nicolae_vaults_taking_the_gang_shopping,
          nicolae_vaults_tetromino_T_2, layout_vaults_ring, serial_shops,
          nicolae_shop_window_shopping, uniq_mara
Vaults:4: nicolae_vaults_shipping_containers_5, v_misc_12,
          nicolae_vaults_network_square, v_misc_5, lightli_orcish_oven,
          nicolae_vaults_tetromino_L_1, v_misc_16, hangedman_vaults_stitches,
          nicolae_vaults_tangram_1, hangedman_vaults_slice,
          ontoclasm_vaults_ligature, ontoclasm_vaults_misaligned, v_misc_17,
          ontoclasm_vaults_ring_square, layout_vaults_maze_bifur, uniq_norris
Vaults:5: uniq_margery, uniq_xtahua
Crypt:1:  minmay_shadows, layout_chaotic_city, nicolae_crypt_little_mausoleum,
          grunt_megastairs_3
Crypt:2:  minmay_guarded_unrand_sceptre_of_torment, layout_chaotic_city,
          nicolae_nh_vlads_tower
Crypt:3:  due_elkab, layout_chaotic_city, uniq_khufu
Tomb:1
Depths:1: layout_gridville, serial_shops, nicolae_inconvenience_store,
          hangedman_tar_grid_catacomb, serial_library_hellmonk_open_square,
          abyss_entry, hangedman_research_pyrotechnics, minmay_shoptagon
Depths:2: minmay_the_grid_octo_tiled_octocenter_mashed
          [minmay_the_grid_octo_tetromino_candy,
          minmay_the_grid_octo_checkerflower, minmay_the_grid_octo_odd_swirl,
          minmay_the_grid_octo_shrine,
          minmay_the_grid_octo_prize_ultimate_mussel_roller,
          minmay_the_grid_square_5x5_three_walls,
          minmay_the_grid_square_5x5_inverted_slash,
          minmay_the_grid_square_5x5_shuriken, minmay_the_grid_square_5x5_v],
          layout_cave_shapes, rand_demon_pan_entry_8, hell_entry, abyss_entry,
          nicolae_sif_muna_condensation
Depths:3: grunt_double_whammy, layout_gridlike, enter_ziggurat_f,
          grunt_hell_horde, nicolae_abyss_entry_one_way_or_another,
          corexii_corridor_pit, pan_entry, uniq_grunn
Depths:4: grunt_zot_entry_alcove, layout_cave_shapes, grunt_hell_entry_dis_old,
          rand_demon_pan_entry_3, serial_bayou, serial_bayou_shore_b,
          serial_bayou_pond_e, serial_bayou_lagoon_a, serial_bayou_pond_d,
          serial_bayou_pond_b, kennysheep_underground_church,
          serial_bayou_shore_b
Zot:1:    layout_basic
Zot:2:    hangedman_orp_of_zott, layout_misc_corridors
Zot:3:    kennysheep_spiral_hall, layout_misc_corridors,
          regret_index_zotdec_iron_s
Zot:4:    layout_gridville, regret_index_zot_stipple_split, grunt_megastairs_4
Zot:5:    layout_cellular_growth, grunt_ministairs_13, hellmonk_bargain_basement
Zig:9

Skill      XL: |  1  2  3  4  5  6  7  8  9 10 11 12 13 14 15 16 17 18 19 20 21 22 23 24 25 26 27 |
---------------+----------------------------------------------------------------------------------+-----
Fighting       | 4 5 7 10 11 12 13 14 15 16 20 | 20.0
Polearms       | 1 3 5 6 8 11 12 14 | 14.0
Evocations     | 3 7 8 10 12 14 | 14.0
Fire Magic     | 4 5 6 7 8 11 14 15 19 21 22 23 25 | 25.3
Armour         | 5 9 10 11 12 13 14 15 16 17 19 | 19.0
Shields        | 5 11 12 13 14 15 | 15.3
Spellcasting   | 5 8 10 11 13 15 17 | 17.6
Necromancy     | 4 8 12 13 14 | 14.0
Earth Magic    | 5 7 8 |  8.0
Throwing       | 3 |  3.0
Translocations | 3 5 6 |  6.0
Maces & Flails | 5 7 11 | 11.7
Dodging        | 4 5 6 7 10 | 10.0
Conjurations   | 1 5 8 10 13 15 18 | 18.7
Air Magic      | 3 4 7 |  7.0

Action                     |  1- 3 |  4- 6 |  7- 9 | 10-12 | 13-15 | 16-18 | 19-21 | 22-24 | 25-27 || total
---------------------------+-------+-------+-------+-------+-------+-------+-------+-------+-------++-------
  Melee: Mace              |    96 |       |       |       |       |       |       |       |       ||    96
         Spear             |    12 |   153 |   185 |   579 |   238 |       |       |       |       ||  1167
         Trishula          |       |       |       |       |  1394 |  1039 |  1757 |  1539 |  2026 ||  7755
         Demon trident     |       |       |       |       |     1 |       |       |       |       ||     1
         Eveningstar       |       |       |       |       |       |       |       |    85 |       ||    85
         Shillelagh        |       |       |       |       |       |       |       |       |    14 ||    14
  Throw: Throwing net      |       |       |       |       |     1 |       |       |       |       ||     1
   Cast: Scorch            |       |       |       |       |     2 |       |       |       |       ||     2
         Death Channel     |       |       |       |       |     2 |    25 |    56 |    28 |    57 ||   168
         Borgnjor's Vile C |       |       |       |       |       |    18 |    19 |    13 |    24 ||    74
         Fugue of the Fall |       |       |       |       |       |     9 |    32 |    19 |    39 ||    99
         Fireball          |       |       |       |       |       |       |     5 |       |       ||     5
         Vhi's Electric Ch |       |       |       |       |       |       |     2 |     3 |     3 ||     8
         Blink             |       |       |       |       |       |       |     1 |     1 |     7 ||     9
         Ignition          |       |       |       |       |       |       |       |    16 |   118 ||   134
         Plasma Beam       |       |       |       |       |       |       |       |       |    34 ||    34
         Fire Storm        |       |       |       |       |       |       |       |       |     1 ||     1
 Invoke: Fiery Armour      |       |       |     2 |     5 |     4 |       |       |       |       ||    11
         Call Merchant     |       |       |       |       |     3 |     2 |     1 |     3 |     5 ||    14
         Potion Petition   |       |       |       |       |       |       |       |       |     4 ||     4
Ability: Evoke Invisibilit |       |       |       |       |       |     1 |     2 |     2 |     1 ||     6
  Evoke: Wand              |       |       |     4 |     3 |    11 |     3 |    22 |    11 |    30 ||    84
         Phial of floods   |       |       |       |       |       |       |     1 |       |       ||     1
         Phantom mirror    |       |       |       |       |       |       |     1 |       |       ||     1
         Condenser vane    |       |       |       |       |       |       |       |       |     2 ||     2
    Use: Potion            |       |       |     2 |     2 |     5 |     5 |     6 |     6 |    17 ||    43
         Scroll            |       |       |       |    13 |     9 |    11 |    13 |     5 |    15 ||    66
   Stab: Sleeping          |       |       |     1 |       |       |       |       |       |       ||     1
         Distracted        |       |       |       |       |     6 |    16 |     6 |     8 |    18 ||    54
         Paralysed         |       |       |       |       |     3 |       |     7 |       |       ||    10
         Petrified         |       |       |       |       |     3 |       |       |       |       ||     3
         Invisible         |       |       |       |       |     1 |     3 |     6 |     2 |       ||    12
         Petrifying        |       |       |       |       |     1 |       |       |       |       ||     1
 Armour: Ring mail         |    63 |    54 |    12 |       |       |       |       |       |       ||   129
         Leather armour    |       |       |    35 |       |       |       |       |       |       ||    35
         Chain mail        |       |       |    17 |   247 |   369 |   455 |    35 |       |       ||  1123
         Crystal plate arm |       |       |       |       |   444 |   277 |  1046 |   892 |  1363 ||  4022
  Dodge: Dodged            |    76 |    97 |    78 |   142 |   319 |   301 |   388 |   291 |   289 ||  1981
         Repelled          |       |       |       |       |    20 |     2 |    14 |     3 |   154 ||   193
  Block: Kite shield       |       |       |       |   177 |   732 |   461 |   846 |   880 |  1004 ||  4100
         Reflection        |       |       |       |       |    23 |       |       |       |       ||    23

Table legend: (Time is in decaauts)
 A = Elapsed time spent in this place.
 B = Non-inter-level travel time spent in this place.
 C = Inter-level travel time spent in this place.
 D = Time resting spent in this place.
 E = Time spent auto-exploring this place.
 F = Levels seen in this place.
 G = Mean time per level.
                   A        B        C        D        E       F      G
               +--------+--------+--------+--------+--------+-----+--------+
         Total |  73584 |  65420 |   8164 |   5342 |  42514 |  71 | 1036.4 |
       Dungeon |  13963 |  10981 |   2982 |    305 |   8186 |  15 |  930.9 |
        Temple |     21 |      1 |     20 |      0 |      0 |   1 |   21.0 |
          Lair |   8420 |   6932 |   1488 |    750 |   4544 |   5 | 1684.0 |
         Swamp |   4199 |   3955 |    244 |    860 |   1943 |   4 | 1049.8 |
     Snake Pit |   5921 |   5336 |    585 |    163 |   3693 |   4 | 1480.2 |
    Slime Pits |   3258 |   3030 |    228 |    258 |   2204 |   5 |  651.6 |
  Orcish Mines |   2792 |   2305 |    487 |    407 |   1189 |   2 | 1396.0 |
   Elven Halls |   4412 |   4052 |    360 |    555 |   2327 |   3 | 1470.7 |
        Vaults |   8198 |   7631 |    567 |    287 |   5215 |   5 | 1639.6 |
         Crypt |   4449 |   4223 |    226 |    228 |   2553 |   3 | 1483.0 |
          Tomb |   1769 |   1707 |     62 |     11 |   1243 |   1 | 1769.0 |
        Depths |   6539 |   5928 |    611 |    495 |   4114 |   4 | 1634.8 |
           Zot |   7420 |   7122 |    298 |    599 |   4871 |   5 | 1484.0 |
         Abyss |    285 |    285 |      0 |     39 |      0 |   2 |  142.5 |
      Ziggurat |    841 |    841 |      0 |    153 |    219 |   9 |   93.4 |
        Bazaar |    113 |    113 |      0 |      0 |     48 |   1 |  113.0 |
         Sewer |    464 |    464 |      0 |      0 |    149 |   1 |  464.0 |
      Gauntlet |    512 |    512 |      0 |    229 |     12 |   1 |  512.0 |
               +--------+--------+--------+--------+--------+-----+--------+

Top non-repeatable levels by time:
  Lair:4: 2456 daAuts
   Zot:5: 2218 daAuts
   Elf:2: 2150 daAuts
  Lair:3: 2095 daAuts
Depths:3: 2041 daAuts
 Crypt:2: 1896 daAuts
 Snake:1: 1843 daAuts
Vaults:2: 1840 daAuts
Vaults:3: 1779 daAuts
  Tomb:1: 1769 daAuts
Depths:2: 1757 daAuts
   Orc:2: 1705 daAuts
 Snake:3: 1648 daAuts
Vaults:5: 1643 daAuts
   Zot:4: 1600 daAuts
